 Dungeon Crawl Stone Soup version 0.31.0-11-ge490571c62 (webtiles) character file.

Game seed: 17555100781234010895

98 qw the Shooter (level 4, -3/25 HPs)
             Began as a Deep Elf Hunter on Feb 3, 2024.
             Slain by an orc
             ... wielding a +0 quarterstaff
              (7 damage)
             ... on level 3 of the Dungeon.
             The game lasted 00:00:37 (1671 turns).

qw the Shooter (Deep Elf Hunter)                    Turns: 1671, Time: 00:00:37

Health: -3/25      AC:  7    Str: 10    XL:     4   Next: 44%
Magic:  6/6        EV: 11    Int: 14    God:
Gold:   112        SH:  0    Dex: 18    Spells: 3/3 levels left

rFire   . . .        a - +1 shortbow
rCold   . . .        (shield currently unavailable)
rNeg    . . .        d - +0 ring mail
rPois   .            (no helmet)
rElec   .            k - +0 cloak
rCorr   .            (no gloves)
SInv    .            g - +0 pair of boots
Will    .....        b - amulet of faith
Stlth   +            (no ring)
HPRegen 0.24/turn    (no ring)
MPRegen 0.10/turn

%: faith
@: no status effects
A: no striking features
a: no special abilities


You were on level 3 of the Dungeon.
You visited 1 branch of the dungeon, and saw 3 of its levels.

You collected 112 gold pieces.


   Skills:
 - Level 1.5 Fighting
 + Level 7.9 Ranged Weapons
 - Level 2.4 Dodging
 - Level 1.2 Stealth


You had 3 spell levels left.
You didn't know any spells.
Your spell library was empty.

Inventory:

Hand Weapons
 a - a +1 shortbow (weapon)
Armour
 d - a +0 ring mail (worn)
 g - a +0 pair of boots (worn)
 k - a +0 cloak (worn)
Jewellery
 b - an amulet of faith (around neck)
Scrolls
 e - a scroll of identify
 h - a scroll of enchant armour {unknown}
Potions
 c - a potion of enlightenment {unknown}
 f - a potion of curing {unknown}
 j - a potion of heal wounds {unknown}

Dungeon Overview and Level Annotations

Branches:
Dungeon (3/15)

Altars:


Message History

The orc closely misses you.
The frilled lizard bites you but does no damage.
The orc misses you. The rat misses you.
You shoot an arrow.
The arrow hits the orc but does no damage.
The orc is lightly wounded.
The orc hits you with a +0 quarterstaff.
The frilled lizard barely misses you. The orc hits you with a +0 falchion!
The rat bites you but does no damage. The rat completely misses you.
The frilled lizard closely misses you. The orc barely misses you.
The orc closely misses you.
You shoot an arrow. The arrow hits the orc.
The orc is heavily wounded.
The frilled lizard bites you but does no damage.
The rat barely misses you. The orc misses you.
The orc hits you with a +0 falchion.
You shoot an arrow. The arrow hits the orc.
The orc is almost dead.
A giant cockroach comes into view.
The orc barely misses you. The frilled lizard misses you.
The orc barely misses you. The rat barely misses you.
You shoot an arrow.
The arrow hits the orc but does no damage.
The orc is almost dead.
The orc hits you with a +0 quarterstaff.
The frilled lizard barely misses you. The orc completely misses you.
The rat bites you but does no damage.
You shoot an arrow. The arrow completely misses the orc.
The frilled lizard bites you but does no damage.
The orc hits you but does no damage. The orc misses you. The rat bites you.
You shoot an arrow. The arrow hits the orc.
You kill the orc!
The rat closely misses you.
The frilled lizard bites you but does no damage.
The orc closely misses you.
You shoot an arrow. The arrow hits the orc.
The orc is severely wounded.
The rat closely misses you.
The orc hits you with a +0 quarterstaff!
You die...

...... .... .. .... ...
#### ... ...#######...
#. ##B. ..........##
...###oo# ##...#>..##
$....Bol#####.........##
.....Jr@$..............#
....#.#.####...........#
. # #)# #...........#
#)#####.........##
#.....##...#...##
#.###.######..## #.#
#..## ##.# #.# ##..##
#.# #.# ##.>####.#


You could see 3 orcs, an endoplasm, 2 giant cockroaches, a frilled lizard and a
rat.

Vanquished Creatures
  A gnoll (D:2)
  2 adders (D:2)
  2 dart slugs (D:1)
  2 orcs (D:3)
  8 endoplasms
  2 giant cockroaches
  5 goblins
  5 hobgoblins
  3 quokkas (D:1)
  8 ball pythons
  8 bats
  3 frilled lizards
  9 kobolds
  6 rats (D:1)
64 creatures vanquished.

Notes
Turn   | Place    | Note
-------+----------+-------------------------------------------
     0 | D:1      | qw the Deep Elf Hunter began the quest for the Orb.
     0 | D:1      | Reached XP level 1. HP: 12/12 MP: 3/3
     0 | D:1      | 0 ||| qw: Version: 0.3-a-155-g5e7d8dd
     0 | D:1      | 0 ||| qw: Game counter: 3207
     0 | D:1      | 0 ||| qw: Melee chars always use a shield: true
     0 | D:1      | 0 ||| qw: God list: Okawaru
     0 | D:1      | 0 ||| qw: Allow faded altars: false
     0 | D:1      | 0 ||| qw: Do Orc after clearing Dungeon:15 true
     0 | D:1      | 0 ||| qw: Do second Lair branch before Depths: true
     0 | D:1      | 0 ||| qw: Lair rune preference: random
     0 | D:1      | 0 ||| qw: Goals: Normal
     0 | D:1      | 0 ||| PLANNING D:1-11
   148 | D:1      | Reached XP level 2. HP: 16/16 MP: 4/4
   153 | D:1      | Reached skill level 6 in Ranged Weapons
   426 | D:1      | Reached XP level 3. HP: 20/20 MP: 5/5
   485 | D:1      | Found a faded altar of an unknown god.
   774 | D:1      | Reached skill level 7 in Ranged Weapons
   819 | D:1      | 819 ||| UPGRADING to +0 ring mail.
   829 | D:1      | 829 ||| DROPPING +0 leather armour.
   830 | D:1      | 830 ||| UPGRADING to +0 pair of boots.
   835 | D:1      | 835 ||| READING scroll labelled WAITRA DYJYN.
   836 | D:1      | 836 ||| DROPPING scroll of butterflies.
  1067 | D:2      | Reached XP level 4. HP: 25/25 MP: 6/6
  1558 | D:2      | 1558 ||| UPGRADING to +0 cloak.
  1563 | D:2      | 1563 ||| UPGRADING to amulet of faith.
  1568 | D:2      | 1568 ||| READING scroll labelled NUREFRA ASOT.
  1568 | D:2      | 1568 ||| ENCHANTING +0 shortbow.
  1569 | D:2      | 1569 ||| READING scroll labelled MIFEFY TADA.
  1569 | D:2      | 1569 ||| IDENTIFYING cyan potion
  1570 | D:2      | 1570 ||| READING scroll labelled FAOGON ZOAV.
  1571 | D:2      | 1571 ||| READING scroll labelled RYCAEL CUEDOA.
  1575 | D:2      | 1575 ||| DROPPING potion of lignification.
  1656 | D:3      | Identified the +1 ring mail "Zolena" {Regen+ Int-2 Stlth+}
  1668 | D:3      | HP: 4/25 [orc/+0 quarterstaff (6)]
  1671 | D:3      | Slain by an orc

Levels and vault maps discovered:
D:1:      minmay_arrival_four_houses, layout_loops_ring,
          chequers_ecumenical_altar_grove, st_stairs_11, minmay_bisected
D:2:      layout_basic, grunt_ministairs_13, minmay_randomly_rotated_circles
D:3:      layout_rooms, grunt_decor_clamped

Skill      XL: |  1  2  3 |
---------------+----------+-----
Ranged Weapons | 6 7 |  7.9
Fighting       | |  1.5
Dodging        | |  2.4
Stealth        | |  1.2

Action                     |  1- 3 |  4- 6 || total
---------------------------+-------+-------++-------
   Fire: Shortbow          |   143 |    51 ||   194
    Use: Scroll            |     1 |     4 ||     5
 Armour: Leather armour    |    46 |       ||    46
         Ring mail         |     6 |    36 ||    42
  Dodge: Dodged            |    68 |    45 ||   113

Table legend:
 A = Non-vault XP
 B = Vault XP
 C = Vault XP percentage of total XP
 D = Non-vault monster count
 E = Vault monster count
 F = Vault count percentage of total count
                 A         B        C        D         E       F
            +---------+---------+-------+---------+---------+-------
      Total |      90 |      51 |  36.2 |      48 |      16 |  25.0
            +---------+---------+-------+---------+---------+-------
        D:1 |      51 |      14 |  21.5 |      32 |       8 |  20.0
        D:2 |      29 |      37 |  56.1 |      11 |       8 |  42.1
        D:3 |      10 |       0 |   0.0 |       5 |       0 |   0.0
            +---------+---------+-------+---------+---------+-------
